[Event "Tata Steel-B 79th"]
[Site "Wijk aan Zee"]
[Date "2017.01.16"]
[Round "3"]
[White "Smirin, Ilia"]
[Black "Jones, Gawain C B"]
[Result "1-0"]
[ECO "C78"]
[WhiteElo "2667"]
[BlackElo "2665"]
[Annotator "ChessBase II"]
[PlyCount "71"]
[EventDate "2017.01.14"]
[EventType "tourn"]
[EventRounds "13"]
[EventCountry "NED"]
[EventCategory "14"]
[SourceTitle "CBM 177"]
[Source "ChessBase"]
[SourceDate "2017.03.16"]
[SourceVersion "1"]
[SourceVersionDate "2017.03.16"]
[SourceQuality "1"]
[TimeControl "40/6000+30:20/3000+30:900+30"]

1. e4 e5 2. Nf3 Nc6 3. Bb5 a6 4. Ba4 Nf6 5. d3 b5 6. Bb3 Bc5 7. O-O d6 8. a4 Rb8 9. axb5 axb5 10. Be3 Bxe3 11. fxe3 O-O 12. Nc3 Ne7 $146 (12... Be6 13. Nd5 Bxd5 14. exd5 Ne7 15. e4 Ng6 16. Qd2 Ra8 17.
Ra5 Qb8 18. Rfa1 Qb6+ 19. Kh1 Rxa5 20. Qxa5 Qf2 21. Qd2 Qb6 22. g3 Ng4 23. h3
Nh6 24. g4 Nf4 25. Kh2 f6 26. d4 Nf7 27. Qa5 Qb8 28. Qa7 Qc8 29. Qa6 Qb8 30.
Ra5 h5 31. Qxb5 Qc8 32. Qa6 Qd8 33. Qf1 hxg4 34. hxg4 Qd7 35. Kg3 Nh6 36. Nh2
Qf7 37. Ra7 Qg6 38. Kf3 f5 39. exf5 Nxf5 40. gxf5 Rxf5 41. Qh1 e4+ 42. Ke3 {
Fressinet,L (2638)-Grischuk,A (2719) playchess.com INT 2004 0-1}) 13. Nd5 Nfxd5 14. Bxd5 c6 15. Bb3 Ng6 16. Qe1 c5 17. Ra7 c4 18. dxc4 Qb6 19. Ra5 bxc4 20. Bxc4 Be6 21. Ra6 Qxb2 22. Bxe6 fxe6 23. Qe2 Qb4 24. c4 Qc5 25. Kh1 Rb3 26. Re1 Qb4 27. Rd1 Rd8 28. Ng5 Rb1 29. h3 Nf8 30. Ra7 h6 31. Qf3 Rxd1+ 32. Kh2 Nd7 33. Qf7+ Kh8 34. Rxd7 Rg8 35. Qxg8+ Kxg8 36. Rd8# 1-0